cohdb
Replays
Latest Replays
All Replays
Popular Replays
Top Player Replays
Match Explorer
How It Works
Community
CoH3 Stats
Reddit
Sign in to upload your games and track your stats! →
Sign in with Steam
Match 40031021
Unlisted
Match 40031021
Overview
Messages
Build Orders
End
Panzergrenadier Squad
Panzergrenadier Squad
Construct Light Support Kompanie
Assault Grenadier Squad
Fire Support Elements
Flakvierling Half-track
2.5-tonne Medical Truck
Selects Panzerjäger Kommand Battlegroup
Selects Tank Busters
Selects Mine Fields
Panzerjäger Mechanized Group
Panzerjäger Squad
Construct Panzerarmee Kommand
Selects Defensive Positions
Selects Crew Shock Tactics
Pak 38 Mechanized Group
Combat Half-tracks
Dsadow
Waffen
Madfox
Pepuz
0
0
Comments
sign in to comment!
No comments posted yet!